 Dungeon Crawl Stone Soup version 0.25-a0-317-g5f8687bca5 (webtiles) character file.

Game seed: 5888181714410174916, levelgen mode: classic

559 Borgoz the Cudgeler (level 7, 0/44 HPs)
             Began as a Gargoyle Fighter on Dec 25, 2019.
             Slain by an orc wizard
             ... wielding a +0 dagger
              (2 damage)
             ... on level 4 of the Dungeon.
             The game lasted 00:04:16 (3029 turns).

Borgoz the Cudgeler (Gargoyle Fighter)              Turns: 3029, Time: 00:04:17

Health: 0/44       AC: 13    Str: 24    XL:     7   Next: 31%
Magic:  7/7        EV: 11    Int:  9    God:
Gold:   199        SH:  0    Dex: 11    Spells: 6/6 levels left

rFire    . . .     SeeInvis .   s - +1 mace (crush)
rCold    . . .     Gourm    .   (no shield)
rNeg     + . .     Faith    .   b - +1 scale mail
rPois    ∞         Spirit   .   (no helmet)
rElec    +         Reflect  .   (no cloak)
rCorr    .         Harm     .   (no gloves)
MR       .....                  (no boots)
Stlth    ..........             (no amulet)
HPRegen  0.14/turn              (no ring)
MPRegen  0.10/turn              (no ring)

@: mighty
A: negative energy resistance 1, electricity resistance, unbreathing,
petrification resistance, rot immunity, AC +4
a: no special abilities


You were on level 4 of the Dungeon.
You were very hungry.

You visited 1 branch of the dungeon, and saw 4 of its levels.

You collected 199 gold pieces.

Inventory:

Hand Weapons
 a - a +0 flail
 s - a +1 mace of crushing (weapon)
Missiles
 c - a throwing net (quivered)
Armour
 b - a +1 scale mail (worn)
Wands
 o - a wand of random effects (18)
 v - a wand of iceblast (5)
Scrolls
 e - a scroll of amnesia
 g - a scroll of enchant armour
 i - a scroll of fog {unknown}
 k - 3 scrolls of remove curse
 n - 2 scrolls of teleportation {unknown}
 q - a scroll of immolation {unknown}
 u - a scroll of identify {unknown}
 w - 2 scrolls of random uselessness {unknown}
Potions
 h - a potion of agility {unknown}
 j - a potion of cancellation {unknown}
 l - a potion of berserk rage {unknown}
 p - a potion of heal wounds {unknown}
 r - a potion of magic {unknown}
 t - a potion of degeneration {unknown}
Comestibles
 f - 11 rations


   Skills:
 + Level 4.9 Fighting
 * Level 5.1 Maces & Flails
 + Level 4.9 Armour
 + Level 2.5 Dodging
   Level 3.2 Shields


You had 6 spell levels left.
You didn't know any spells.
Your spell library contained the following spells:

 Spells                   Type           Power        Failure   Level  Hunger
 Summon Small Mammal      Summ           #...         67%         1    ##.....
 Call Imp                 Summ           #.......     82%         2    ###....
 Call Canine Familiar     Summ           #.......     96%         3    ####...
 Summon Guardian Golem    Hex/Summ       #.......     96%         3    ####...
 Summon Ice Beast         Ice/Summ       #.......     100%        4    #####..
 Summon Lightning Spire   Summ/Air       #.......     100%        4    #####..


Dungeon Overview and Level Annotations

Branches:
Dungeon (4/15)
 Temple: D:4-7

Altars:
Dithmenos


Innate Abilities, Weirdness & Mutations

You are resistant to torment.
Your stone body is resilient. (AC +4)
You are immune to poison.
You resist negative energy. (rN+)
You are resistant to electric shocks. (rElec)
You can survive without breathing.
You are immune to petrification.
You are immune to rotting.


Message History

The orc barely misses you. The orc priest closely misses you.
You hit the orc priest.
You kill the orc priest!
The orc closely misses you.
You sock the orc!
You kill the orc!
A magic dart appears from out of thin air!
The magic dart hits you.
* * * LOW HITPOINT WARNING * * *
Something hits you but does no damage.
Something hits you but does no damage. x2
Something hits you but does no damage.
You hit something.
You hear some strange, mumbled words.
A puff of frost appears from out of thin air!
The puff of frost hits you!
* * * LOW HITPOINT WARNING * * *
Something hits you but does no damage.
You miss something. Something hits you.
You die...

....##....#.......##
...#...#..##......#
......###......### .
..##.....#......### ..
.......)).........## ...
..###))...........##
.... ##.##...........#
.....###..{#......##..##
#.....#(@######.###.##
#.(.## ### ### #...#
##.## ... ...# .....
...... .....


There were no monsters in sight!

Vanquished Creatures
  Menkaure (D:4)
  An orc warrior (D:4)
  A bullfrog skeleton (D:3)
  3 orc priests
  2 orc wizards
  2 adders
  4 gnolls (D:2)
  An ooze (D:3)
  A worm (D:3)
  2 dart slugs
  6 leopard geckos
  13 orcs
  A ball python (D:4)
  4 giant cockroaches
  12 goblins
  8 hobgoblins
  7 jackals
  7 kobolds
  5 bats
  6 frilled lizards
  4 rats
91 creatures vanquished.

Notes
Turn   | Place    | Note
-------+----------+-------------------------------------------
     0 | D:1      | Borgoz the Gargoyle Fighter began the quest for the Orb.
     0 | D:1      | Reached XP level 1. HP: 14/14 MP: 1/1
    23 | D:1      | Reached XP level 2. HP: 17/19 MP: 2/2
   338 | D:1      | Reached XP level 3. HP: 23/23 MP: 3/3
   695 | D:2      | Reached skill level 3 in Maces & Flails
   695 | D:2      | Reached skill level 1 in Dodging
   714 | D:2      | Reached XP level 4. HP: 17/29 MP: 4/4
   974 | D:2      | Found a shadowy altar of Dithmenos.
  1593 | D:3      | Reached XP level 5. HP: 20/33 MP: 5/5
  1890 | D:3      | Reached skill level 4 in Maces & Flails
  1943 | D:3      | Reached XP level 6. HP: 37/38 MP: 6/6
  2444 | D:4      | Found Jokittoq's Antique Weapon Emporium.
  2466 | D:4      | Noticed Menkaure
  2657 | D:4      | Killed Menkaure
  2985 | D:4      | Noticed an orc warrior
  3013 | D:4      | Killed an orc warrior
  3013 | D:4      | Reached skill level 5 in Maces & Flails
  3013 | D:4      | Reached XP level 7. HP: 11/44 MP: 7/7
  3017 | D:4      | HP: 1/44 [orc priest/nerve-wracking pain (5)]
  3028 | D:4      | HP: 1/44 [something/puff of frost (10)]
  3029 | D:4      | Slain by an orc wizard

Levels and vault maps discovered:
D:1:      dpeg_arrival_simpleton_c, layout_loops_ring
D:2:      layout_loops_cross, old_standard_altar
D:3:      layout_basic, minmay_misc_feat_tiny, minmay_bisected
D:4:      layout_cave_pools, marbit_many_paths, fedhas_altar_2, serial_shops,
          shop, gammafunk_ghost_split, uniq_robin, uniq_menkaure, uniq_natasha

Skill      XL: |  1  2  3  4  5  6 |
---------------+-------------------+-----
Maces & Flails | 3 4 5 |  5.1
Dodging        | 1 2 |  2.5
Armour         | 4 |  4.9
Fighting       | 4 |  4.9
Shields        | |  3.2

Action                   |  1- 3 |  4- 6 |  7- 9 || total
-------------------------+-------+-------+-------++-------
Melee: Flail             |    92 |    78 |       ||   170
       Mace              |       |   120 |    11 ||   131
Throw: Throwing net      |       |     1 |       ||     1
  Use: Scroll            |       |     3 |       ||     3
       Potion            |       |     2 |     2 ||     4
  Eat: Chunk             |       |     6 |       ||     6
Armor: Scale mail        |    80 |   111 |    13 ||   204
Dodge: Dodged            |    71 |   135 |     9 ||   215
Block: Shield            |     7 |       |       ||     7

Table legend:
 A = Non-vault XP
 B = Vault XP
 C = Vault XP percentage of total XP
 D = Non-vault monster count
 E = Vault monster count
 F = Vault count percentage of total count
                 A         B        C        D         E       F
            +---------+---------+-------+---------+---------+-------
      Total |     629 |     170 |  21.3 |      87 |       4 |   4.4
            +---------+---------+-------+---------+---------+-------
        D:1 |      37 |       0 |   0.0 |      19 |       0 |   0.0
        D:2 |     111 |       0 |   0.0 |      28 |       0 |   0.0
        D:3 |     195 |       5 |   2.5 |      30 |       3 |   9.1
        D:4 |     286 |     165 |  36.6 |      10 |       1 |   9.1
            +---------+---------+-------+---------+---------+-------
